 Dungeon Crawl Stone Soup version 0.17-a0-776-gd86b262 (webtiles) character file.

77 RobertPalmer the Slasher (level 4, -2/38 HPs)
             Began as a Draconian Fighter on Apr 24, 2015.
             Killed from afar by a white imp (3 damage)
             ... with a puff of frost
             ... summoned by Natasha
             ... on level 2 of the Dungeon.
             The game lasted 00:01:57 (1317 turns).

RobertPalmer the Slasher (Draconian Fighter)        Turns: 1317, Time: 00:01:57

Health: -2/38      AC:  7    Str: 17 (19) XL:     4   Next: 13%
Magic:  4/4        EV: 10    Int:  9      God:
Gold:   38         SH:  8    Dex: 10      Spells: 0 memorised, 3 levels left

rFire  . . .     SeeInvis .     a - +0 long sword
rCold  . . .     Clarity  .     (armour unavailable)
rNeg   . . .     SustAb   .     b - +0 shield
rPois  .         Gourm    .     (helmet restricted)
rElec  .         Spirit   .     (no cloak)
rCorr  .         Warding  .     f - +1 pair of gloves
rMut   .         Stasis   .     (no boots)
MR     .....                    (no amulet)
Stlth  +.........               (no ring)
                                (no ring)

@: lethally poisoned (-2 -> -14), slowed, very slow, not resistant to hostile
enchantments, very unstealthy
A: unfitting armour, cold-blooded, AC +5
a: no special abilities


You were on level 2 of the Dungeon.
You were not hungry.

You visited 1 branch of the dungeon, and saw 2 of its levels.

You collected 38 gold pieces.

Inventory:

Hand weapons
 a - a +0 long sword (weapon)
Armour
 b - a +0 shield (worn)
 f - a +1 pair of gloves (worn)
   (You found it on level 1 of the Dungeon)
Jewellery
 q - an uncursed ring of fire {unknown}
   (You found it on level 2 of the Dungeon)
Potions
 c - 2 potions of might
 e - a potion of heal wounds {unknown}
 i - 4 potions of curing {unknown}
 l - a potion of cure mutation {unknown}
 m - a potion of experience {unknown}
 o - a potion of magic {unknown}
 p - a potion of poison {!q}
Comestibles
 d - a bread ration {@e1}
 h - a beef jerky
 j - a meat ration {@e2}
 k - 3 fruits


   Skills:
 - Level 3.2 Fighting
 + Level 4.4 Long Blades
 - Level 2.6 Dodging
 - Level 3.0 Shields


You had 3 spell levels left.
You didn't know any spells.

Dungeon Overview and Level Annotations

Branches:
Dungeon (2/15)

Altars:

Annotations:
D:2 Ijyb, Natasha


Innate Abilities, Weirdness & Mutations

Your plain brown scales are hard (AC +5).
Your body does not fit into most forms of armour.
You are cold-blooded and may be slowed by cold attacks.


Message History

The quokka barely misses you.
The quokka twitches its whiskers.
You block the quokka's attack.
You miss the quokka.
Your tail-slap misses the quokka.
The quokka closely misses you.
You barely miss the quokka. You block the quokka's attack.
You block the quokka's attack.
You slash the quokka!
You kill the quokka!
The bat hits you but does no damage.
You barely miss the hobgoblin.
You tail-slap the hobgoblin, but do no damage.
The hobgoblin hits you but does no damage.
You block the hobgoblin's attack.
You slash the hobgoblin!
You kill the hobgoblin!
The bat barely misses you. The bat hits you but does no damage.
The giant newt barely misses you.
You completely miss the bat. You block the bat's attack.
The giant newt hisses menacingly.
The giant newt bites you. The bat closely misses you.
You take 2 damage, and have 24/38 hp.
You hit the bat but do no damage.
Your tail-slap misses the bat.
The bat barely misses you. x2
You block the giant newt's attack. x2
You closely miss the bat.
Your tail-slap misses the bat.
The bat closely misses you. You block the giant newt's attack.
You closely miss the bat. The bat hits you but does no damage.
You block the bat's attack. The giant newt barely misses you.
The bat misses you.
You miss the bat. You tail-slap the bat. You block the bat's attack.
The bat closely misses you.
The giant newt bites you but does no damage.
You barely miss the giant newt. The bat closely misses you.
You block the bat's attack. The giant newt barely misses you.
The bat closely misses you. The giant newt barely misses you.
You closely miss the bat.
The shadow imp disappears in a puff of smoke!
You block the bat's attack.
The shadow imp lashes its tail.
The giant newt barely misses you.
You hit the giant newt.
You kill the giant newt!
The bat hits you but does no damage. You block the bat's attack.
You block the giant newt's attack.
You hit the bat.
You kill the bat!
The giant newt closely misses you. Natasha claws you.
You take 3 damage, and have 23/38 hp.
You barely miss Natasha. The giant newt closely misses you.
You block Natasha's attack. The giant newt barely misses you.
Your shield prevents you from hitting Natasha.
Your tail-slap misses Natasha.
The shadow imp disappears in a puff of smoke!
Natasha mumbles some strange words.
The giant newt bites you but does no damage.
You closely miss the white imp.
Your tail-slap misses the white imp.
Natasha casts a spell at you.
You feel yourself slow down. You block the giant newt's attack.
The white imp hits you but does no damage.
You hit Natasha but do no damage. Natasha claws you but does no damage.
The giant newt bites you but does no damage.
The white imp hits you but does no damage.
You block Natasha's attack.
The giant newt bites you but does no damage.
The white imp gestures at you. The puff of frost hits you!
You take 8 damage, and have 15/38 hp.
MASSIVE DAMAGE!!
You hit Natasha. You block Natasha's attack. You block the giant newt's attack.
The white imp hits you. The white imp freezes you.
You feel as though you will be slow longer.
* * * LOW HITPOINT WARNING * * *
Natasha casts a spell.
The giant newt misses you.
You take 7 damage, and have 8/38 hp.
Unknown command.
Drink which item? (? for menu, Esc to quit)
It was a potion of poison.
That liquid tasted very nasty...
You are lethally poisoned!
* * * LOW HITPOINT WARNING * * *
You feel sick.
The white imp hits you but does no damage.
Natasha claws you.
* * * LOW HITPOINT WARNING * * *
You block the giant newt's attack.
The white imp hits you but does no damage.
You take 5 damage, and have 3/38 hp.
Drink which item? (? for menu, Esc to quit)
It was a potion of degeneration.
There was something very wrong with that liquid.
You feel weakened.
* * * LOW HITPOINT WARNING * * *
You feel sick. Natasha claws you but does no damage.
You block the giant newt's attack. The white imp gestures at you.
The puff of frost hits you!
You die...

#####... ......#
####### ..####..#
........# ..
...##.... ###..#
...###.#
###.#####....
...............5.l.#
.......# #@#
.......#### ###h#
...#....#.####..g#
...#..#....##..###
..#........##.##
##.[...#g.....#
.#).....5...#......#
....................
...).......#........


You could see Ijyb, Natasha, a white imp and a giant newt.

Vanquished Creatures
  Natasha (D:2)
  2 adders (D:2)
  An ooze (D:2)
  2 giant geckos (D:1)
  4 bats
  3 giant cockroaches
  4 goblins
  3 hobgoblins
  A giant newt (D:2)
  5 kobolds
  A quokka (D:2)
  3 rats (D:1)
30 creatures vanquished.

Notes
Turn   | Place    | Note
--------------------------------------------------------------
     0 | D:1      | RobertPalmer, the Draconian Fighter, began the quest for the Orb.
     0 | D:1      | Reached XP level 1. HP: 19/19 MP: 1/1
   236 | D:1      | Reached XP level 2. HP: 26/26 MP: 2/2
   375 | D:1      | Reached skill level 3 in Long Blades
  1119 | D:2      | Reached XP level 3. HP: 28/31 MP: 3/3
  1199 | D:2      | Noticed Natasha
  1203 | D:2      | Killed Natasha
  1203 | D:2      | Reached skill level 4 in Long Blades
  1203 | D:2      | Reached XP level 4. HP: 30/38 MP: 4/4
  1223 | D:2      | Noticed Ijyb
  1250 | D:2      | Noticed Natasha
  1315 | D:2      | HP: 8/38 [white imp[Natasha] (5)]
  1316 | D:2      | HP: 3/38 [Natasha (3)]
  1317 | D:2      | HP: 1/38 [poison (a potion of poison)]
  1317 | D:2      | Killed from afar by a white imp

Action                   |  1- 3 |  4- 6 || total
-------------------------+-------+-------++-------
Melee: Long sword        |    66 |    32 ||    98
  Use: Scroll            |     2 |       ||     2
       Potion            |       |     2 ||     2
 Stab: Sleeping          |     1 |       ||     1
  Eat: Chunk             |     1 |       ||     1

Vault maps used:
D:1:      saegor_arrival_simple_a, nrook_loot_triangle, serial_bayou_pond_c
D:2:      overflow_temple_1_default, minmay_bisected, uniq_iyjb, uniq_natasha

Table legend:
 A = Turns spent in this place as a percentage of turns spent in the entire game.
 B = Non-inter-level travel turns spent in this place as a percentage of non-inter-level travel turns spent in the entire game.
 C = Inter-level travel turns spent in this place as a percentage of turns spent in this place.
 D = Turns resting spent in this place as a percentage of non-inter-level travel turns spent in this place.
 E = Turns spent auto-exploring this place as a percentage of non-inter-level travel turns spent in this place.
 F = Non-inter-level travel turns spent in this place divided by the number of levels of this place that you've seen.
                   A       B       C       D       E      F
               +-------+-------+-------+-------+-------+----------------------
         Total | 100.0 | 100.0 |   0.7 |   0.0 |   8.6 | 204.5
       Dungeon | 100.0 | 100.0 |   0.7 |   0.0 |   8.6 | 204.5
               +-------+-------+-------+-------+-------+----------------------

Table legend:
 A = Kills in this place as a percentage of kills in entire the game.
 B = Kills by you in this place as a percentage of kills by you in the entire game.
 C = Kills by friends in this place as a percentage of kills by friends in the entire game.
 D = Other kills in this place as a percentage of other kills in the entire game.
 E = Experience gained in this place as a percentage of experience gained in the entire game.
 F = Experience gained in this place divided by the number of levels of this place that you have seen.
                   A       B       C       D       E      F
               +-------+-------+-------+-------+-------+----------------------
         Total | 100.0 | 100.0 |  -nan |  -nan | 100.0 |  55.0
       Dungeon | 100.0 | 100.0 |  -nan |  -nan | 100.0 |  55.0
               +-------+-------+-------+-------+-------+----------------------
